AoeStats
← Sara

Black Forest

507733520Analyzed
3v3 RM · 12d ago on Sep 19, 2026· 59m 17s· 6 players
Game mode
Random Map
Map size
Normal (6 player)
Population
200
Speed
Normal
Resources
Standard
Victory
Conquest
Starting age
Dark Age
Ending age
Imperial Age
RankedLock teamsTeams togetherTeam positionsShared explorationLock speedFull tech treeHidden civsTurbo modeCheats
Victory
Defeat
🇺🇸 Italians · United States
706
+15
🇺🇸 Japanese · United States
693
+15
🇪🇸 Shu · Spain
681
+16
🇫🇷 Persians · France
730
-18
🇪🇸 Jurchens · Spain
652
-14
🇪🇸 Koreans · Spain
642
-14
swirlygig
0:34 Loom
14:03 Feudal Age
14:32 Double-Bit Axe
14:32 Horse Collar
16:44 Gold Mining
20:19 Castle Age
19:49 Fishing Lines
21:20 Gillnets
25:42 Stone Mining
26:01 Heavy Plow
29:11 Wheelbarrow
30:32 Hand Cart
31:27 Silk Road
31:31 Squires
35:12 Imperial Age
34:00 Caravan
34:25 Fortified Wall
34:37 Ballistics
34:29 Fortified Wall
36:23 Stone Shaft Mining
37:11 Chemistry
36:08 Heated Shot
35:59 Treadmill Crane
37:13 Crop Rotation
36:38 Fletching
36:55 Arson
37:40 Capped Ram
39:20 Forging
39:11 Scale Mail Armor
39:07 Bodkin Arrow
39:31 Bow Saw
40:38 Iron Casting
41:34 Murder Holes
41:25 Arrowslits
41:32 Guard Tower
41:54 Masonry
42:42 Chain Mail Armor
43:48 Conscription
43:17 Pikeman
47:10 Architecture
47:17 Keep
49:09 Bracer
49:09 Padded Archer Armor
50:12 Blast Furnace
52:44 Leather Archer Armor
53:00 Plate Mail Armor
54:36 Elite Genoese Crossbowman
55:36 Pirotechnia
57:48 Elite Skirmisher
58:34 Thumb Ring
Tronfordogs
7:37 Loom
10:03 Feudal Age
10:29 Double-Bit Axe
11:48 Stone Mining
11:50 Horse Collar
18:36 Castle Age
21:19 Bow Saw
24:32 Gold Mining
27:42 Wheelbarrow
26:54 Town Watch
26:31 Pikeman
26:57 Gambesons
27:14 Squires
26:59 Arson
31:28 Hand Cart
31:20 Town Patrol
31:24 Husbandry
31:35 Bloodlines
32:20 Forging
32:16 Scale Barding Armor
32:11 Scale Mail Armor
32:02 Fletching
32:12 Padded Archer Armor
35:36 Imperial Age
34:33 Elite Skirmisher
36:14 Thumb Ring
36:00 Halberdier
37:12 Conscription
39:19 Bodkin Arrow
40:00 Iron Casting
39:41 Chain Mail Armor
39:47 Chain Barding Armor
42:59 Kataparuto
42:00 Elite Samurai
55:33 Bracer
56:34 Blast Furnace
56:05 Plate Mail Armor
55:50 Leather Archer Armor
ander.bioesc
0:40 Loom
13:10 Feudal Age
13:48 Town Watch
16:35 Horse Collar
16:42 Double-Bit Axe
22:38 Castle Age
20:56 Fletching
23:35 Crossbowman
25:29 Stone Mining
26:06 Gold Mining
26:05 Town Watch
27:54 Heavy Plow
30:07 Bodkin Arrow
32:13 Bow Saw
33:12 Wheelbarrow
38:32 Imperial Age
37:20 Hand Cart
38:04 Pikeman
38:45 Squires
38:07 Elite Skirmisher
39:45 Conscription
40:09 Hoardings
40:07 Town Patrol
41:35 Arson
43:02 Fortified Wall
43:34 Halberdier
45:42 Two-Man Saw
45:25 Gold Shaft Mining
45:41 Forging
45:49 Bracer
45:53 Coiled Serpent Array
48:29 Padded Archer Armor
48:30 Scale Mail Armor
49:20 Bolt Magazine
49:52 Chain Mail Armor
49:53 Leather Archer Armor
49:53 Thumb Ring
52:47 Plate Mail Armor
52:49 Ring Archer Armor
52:59 Caravan
Tolo
10:54 Feudal Age
12:36 Wheelbarrow
11:51 Double-Bit Axe
21:45 Castle Age
26:58 Bow Saw
28:07 Hand Cart
28:16 Horse Collar
31:50 Imperial Age
30:09 Caravan
30:20 Scale Barding Armor
35:09 Chemistry
34:14 Scale Mail Armor
34:54 Conscription
34:36 Husbandry
33:57 Light Cavalry
34:44 Cavalier
38:01 Chain Barding Armor
37:33 Fletching
37:53 Forging
39:18 Hussar
43:19 Elite War Wagon
46:18 Chain Mail Armor
46:39 Iron Casting
45:59 Bodkin Arrow
49:50 Heavy Rocket Cart
Edo 06
12:33 Feudal Age
12:53 Double-Bit Axe
12:50 Horse Collar
21:05 Castle Age
22:40 Stone Mining
23:03 Scale Mail Armor
23:12 Scale Barding Armor
24:10 Forging
26:03 Bloodlines
25:54 Husbandry
26:20 Kamandaran
26:34 Heavy Plow
27:50 Bow Saw
29:14 Iron Casting
31:41 Wheelbarrow
31:20 Thumb Ring
31:54 Crossbowman
35:16 Fletching
35:27 Padded Archer Armor
35:48 Chain Barding Armor
39:36 Imperial Age
37:32 Hand Cart
38:43 Bodkin Arrow
39:03 Leather Archer Armor
40:44 Conscription
42:33 Elite War Elephant
44:05 Ring Archer Armor
44:35 Blast Furnace
43:50 Caravan
49:41 Plate Barding Armor
51:45 Town Watch
56:38 Chemistry
55:59 Ballistics
Sara
12:41 Feudal Age
14:39 Wheelbarrow
13:47 Horse Collar
13:55 Double-Bit Axe
14:25 Gold Mining
20:12 Stone Mining
23:16 Castle Age
22:21 Scale Barding Armor
22:27 Forging
22:17 Scale Mail Armor
22:18 Padded Archer Armor
22:13 Fletching
25:46 Chain Barding Armor
25:42 Chain Mail Armor
26:03 Iron Casting
25:43 Leather Archer Armor
25:58 Caravan
26:11 Heavy Plow
28:27 Bow Saw
28:59 Hand Cart
31:09 Gold Shaft Mining
31:13 Stone Shaft Mining
32:39 Bodkin Arrow
36:27 Imperial Age
35:36 Fortified Bastions
35:00 Crossbowman
35:00 Elite Skirmisher
35:04 Pikeman
35:30 Arson
35:35 Gambesons
36:52 Ballistics
36:12 Treadmill Crane
36:55 Ballistics
36:32 Murder Holes
37:29 Guard Tower
38:40 Chemistry
37:53 Fortified Wall
38:06 Conscription
37:35 Heavy Rocket Cart
37:36 Heavy Scorpion
37:42 Capped Ram
39:07 Crop Rotation
39:08 Elite Iron Pagoda
41:08 Keep
40:42 Squires
42:08 Two-Man Saw
41:47 Arrowslits
42:42 Plate Barding Armor
43:09 Blast Furnace
42:10 Bracer
43:55 Thunderclap Bombs
48:09 Loom
48:10 Town Watch
54:55 Bloodlines
54:46 Husbandry
Connection lost

Rejoining the realm…

Still unreachable

The connection could not be restored.

Session expired

The server has moved on; the page needs a fresh start.